 Dungeon Crawl Stone Soup version 0.18-a0-19-g8b99b3a (webtiles) character file.

9 4thArraOfDagon the Grasshopper (level 2, 0/17 HPs)
             Began as a Gargoyle Warper on Nov 1, 2015.
             Slain by an adder (3 damage)
             ... on level 4 of the Dungeon.
             The game lasted 00:02:11 (363 turns).

4thArraOfDagon the Grasshopper (Gargoyle Warper)     Turns: 363, Time: 00:02:11

Health: 0/17       AC:  5    Str: 14    XL:     2   Next: 16%
Magic:  5/5        EV: 11    Int: 13    God:
Gold:   8          SH:  0    Dex:  9    Spells: 1 memorised, 4 levels left

rFire  . . .     SeeInvis .       - Unarmed
rCold  . . .     Clarity  .     a - +0 leather armour
rNeg   + . .     SustAt   .     (no shield)
rPois  ∞         Gourm    .     (no helmet)
rElec  +         Spirit   .     (no cloak)
rCorr  .         Warding  .     (no gloves)
rMut   .         Stasis   .     (no boots)
MR     .....                    (no amulet)
Stlth  +.........               (no ring)
                                (no ring)

@: not resistant to hostile enchantments, very unstealthy
A: negative energy resistance 1, electricity resistance, unbreathing,
petrification resistance, rot immunity, AC +2
a: no special abilities


You were on level 4 of the Dungeon.
You were not hungry.

You visited 1 branch of the dungeon, and saw 4 of its levels.

You collected 8 gold pieces.

Inventory:

Hand Weapons
 j - a +3 hand axe
Missiles
 d - 5 tomahawks of dispersal (quivered)
Armour
 a - a +0 leather armour (worn)
Wands
 l - a wand of confusion (27)
Scrolls
 c - a scroll of blinking
 g - 2 scrolls of identify
 h - a scroll of enchant armour {unknown}
 i - a scroll of teleportation {unknown}
 k - a scroll of random uselessness {unknown}
 n - a scroll of remove curse
Potions
 f - a potion of cancellation
Books
 b - a book of Spatial Translocations

   Spells                             Type                      Level
   a - Apportation                    Translocation                1
   b - Blink                          Translocation                2
   c - Shroud of Golubria             Charms/Translocation         2
   d - Portal Projectile              Translocation                3
   e - Teleport Other                 Translocation                3
   f - Passage of Golubria            Translocation                4
Comestibles
 e - a bread ration


   Skills:
 - Level 2.1 Fighting
 * Level 0.3 Axes
 - Level 0.8 Throwing
 - Level 1.1 Armour
 - Level 1.5 Dodging
 - Level 2.6 Unarmed Combat
 - Level 2.0 Spellcasting
 - Level 2.6 Translocations


You had 4 spell levels left.
You knew the following spells:

 Your Spells              Type           Power        Failure   Level  Hunger
a - Apportation           Tloc           #.........   12%         1    ##.....


Dungeon Overview and Level Annotations

Branches:
Dungeon (4/15)
 Temple: D:4-7

Altars:
Cheibriados

Annotations:
D:2 Terence


Innate Abilities, Weirdness & Mutations

You are resistant to torment.
Your stone body is resilient (AC +2).
You are immune to poison.
You resist negative energy.
You are resistant to electric shocks.
You can survive without breathing.
You are immune to petrification.
You are immune to rotting.


Message History

You barely miss the adder. The adder closely misses you.
Drink which item? (? for menu, Esc to quit)
It was a potion of poison.
You feel slightly nauseous. The adder bites you but does no damage.
Unknown command.
Read which item? (? for menu, Esc to quit)
As you read the scroll labeled VELEAV RY XUWK, it crumbles to dust.
It is a scroll of identify.
Identify which item? (\ to view known items) (? for menu, Esc to quit)
n - a scroll of remove curse The adder bites you but does no damage.
Unknown command.
Evoke which item? (* to show all) (? for menu, Esc to quit)
Zapping:
l - a wand of confusion (will waste charges)
Press: ? - help, Shift-Dir - straight line, f - adder
Aim: an adder (chance to defeat MR: 54%)
The adder resists with significant effort.
Evoking this partially-identified wand wasted a few charges.
The adder bites you.
You die...

##. .. ..## .?#
......# ...
......# #.#
....... #.#
..W...# #@# .....
# #S# ...
..#..#W###.#[##
..........<....#
#..#.######.###.#
# .# .# .# .#


You could see a phantom and an adder.

Vanquished Creatures
  A goblin (D:1)
  3 hobgoblins
  A jackal (D:2)
  A bat (D:1)
  A kobold (D:3)
  2 rats (D:2)
9 creatures vanquished.

Notes
Turn   | Place    | Note
--------------------------------------------------------------
     0 | D:1      | 4thArraOfDagon the Gargoyle Warper began the quest for the Orb.
     0 | D:1      | Reached XP level 1. HP: 12/12 MP: 3/3
   147 | D:3      | Reached XP level 2. HP: 7/17 MP: 5/5
   309 | D:2      | Noticed Terence
   319 | D:2      | Found a snail-covered altar of Cheibriados.
   321 | D:2      | ofcourse
   330 | D:2      | You fall through a shaft!
   349 | D:4      | Noticed a phantom
   363 | D:4      | Slain by an adder

Vault maps used:
D:1:      onia_arrival_mini_maze, corexii_corridor_pit
D:2:      kennysheep_okawaru_gauntlet, cheibriados_altar_wand_db, uniq_terence
D:3:      uniq_iyjb
D:4:      minmay_temple_entry_statues_pillars, first_bread

Action                   || total
-------------------------++-------
Melee: Unarmed           ||    33
       Hand axe          ||     6
Evoke: Wand              ||     1
  Use: Potion            ||     3
       Scroll            ||     1
